 Dungeon Crawl Stone Soup version 0.17-a0-1769-g54adf96 (webtiles) character file.

119 shakdrar the Skirmisher (level 4, -4/37 HPs)
             Began as a Demonspawn Abyssal Knight on Sept 7, 2015.
             Was a Believer of Lugonu.
             Killed from afar by thrall606's ghost (16 damage)
             ... with an orb of energy
             ... on level 3 of the Dungeon.
             The game lasted 00:05:11 (2488 turns).

shakdrar the Skirmisher (Demonspawn Abyssal Knight) Turns: 2488, Time: 00:05:11

Health: -4/37      AC:  3    Str: 13    XL:     4   Next: 74%
Magic:  0/5        EV: 11    Int: 14    God:    Lugonu [**....]
Gold:   91         SH:  0    Dex:  9    Spells: 0 memorised, 3 levels left

rFire  . . .     SeeInvis .     a - +2 hand axe
rCold  . . .     Clarity  .     b - +0 leather armour
rNeg   . . .     SustAt   .     (no shield)
rPois  .         Gourm    .     (helmet restricted)
rElec  .         Spirit   +     (no cloak)
rCorr  .         Warding  .     (no gloves)
rMut   .         Stasis   .     (no boots)
MR     .....                    (no amulet)
Stlth  +.........               (no ring)
                                d - -3 ring of dexterity (curse)

@: not resistant to hostile enchantments, very unstealthy
A: antennae 1, magic shield
a: Depart the Abyss, Bend Space, Renounce Religion


You were on level 3 of the Dungeon.
You worshipped Lugonu.
Lugonu was pleased with you.
You were not hungry.

You visited 1 branch of the dungeon, and saw 3 of its levels.
You visited the Abyss 1 time.

You collected 91 gold pieces.

Inventory:

Hand weapons
 a - a +2 hand axe (weapon)
 j - a +1 dagger of venom
Armour
 b - a +0 leather armour (worn)
Jewellery
 d - a cursed -3 ring of dexterity (left hand)
Magical devices
 g - a wand of frost (30)
Scrolls
 e - a scroll of recharging
 h - 2 scrolls of identify
Comestibles
 i - 3 fruits


   Skills:
 + Level 4.1 Fighting
 + Level 2.2 Axes
 + Level 2.7 Armour
 + Level 1.9 Dodging
 + Level 0.4 Stealth
 + Level 2.6 Invocations


You had 3 spell levels left.
You didn't know any spells.

Dungeon Overview and Level Annotations

Branches:
Dungeon (3/15)

Altars:
Okawaru

Annotations:
D:3 thrall606's ghost, average DrCj


Innate Abilities, Weirdness & Mutations

You have a pair of small antennae on your head.
When hurt, damage is shared between your health and your magic reserves.


Message History

The quokka bites you but does no damage. x2
An orc comes into view. It is wielding a war axe.
The orc shouts!
You hit the quokka.
The quokka is almost dead.
Thrall606's ghost gestures at you while chanting.
The orb of energy hits the quokka.
The quokka dies!
The orb of energy explodes!
The mystic blast hits you!
Ouch! That really hurt!
Thrall606's ghost casts a spell at you. The magic dart hits you!
An orc comes into view. It is wielding a dagger.
The orc shouts!
You hear a shout!
You hear a shout!
You hear a shout!
An orc comes into view.
Thrall606's ghost misses you.
You hit thrall606's ghost but do no damage.
Thrall606's ghost casts a spell at you. The orb of energy hits you!
You die...

######## # #.......
.##.###########.######
................#
###.....#########
#.###.# #.###.#
#.W@..# ....o.###.#
.oo.# #.# ### ..# #..
... o #.## ## ... #
#.# .# #


You could see an orc priest, thrall606's ghost and 3 orcs.

Vanquished Creatures
  Jessica (D:3)
  4 adders (D:2)
  2 oozes (D:1)
  A worm (D:2)
  4 goblins
  4 hobgoblins
  6 jackals
  8 kobolds
  2 bats
  3 giant cockroaches (D:2)
  A giant gecko (D:1)
  3 giant newts
  4 rats
43 creatures vanquished.

Vanquished Creatures (others)
  A quokka (D:3)
1 creature vanquished.

Grand Total: 44 creatures vanquished

Notes
Turn   | Place    | Note
--------------------------------------------------------------
     0 | Abyss:1  | shakdrar the Demonspawn Abyssal Knight began the quest for the Orb.
     0 | Abyss:1  | Reached XP level 1. HP: 18/18 MP: 2/2
     0 | Abyss:1  | Found a corrupted altar of Lugonu.
    48 | D:1      | Escaped the Abyss
    80 | D:1      | Gained mutation: You have a pair of small antennae on your head. [demonic ancestry]
    80 | D:1      | Reached XP level 2. HP: 24/24 MP: 3/3
   649 | D:1      | Reached XP level 3. HP: 30/30 MP: 4/4
   882 | D:2      | Acquired Lugonu's second power
   897 | D:2      | Reached skill level 1 in Dodging
  1220 | D:2      | Found an iron altar of Okawaru.
  1348 | D:2      | Reached skill level 4 in Fighting
  1693 | D:2      | Gained mutation: When hurt, damage is shared between your health and your magic reserves. [demonic ancestry]
  1693 | D:2      | Reached XP level 4. HP: 14/37 MP: 5/5
  2408 | D:3      | Noticed Jessica
  2414 | D:3      | Killed Jessica
  2481 | D:3      | Noticed thrall606's ghost (average DrCj)
  2488 | D:3      | Killed from afar by thrall606's ghost

Vault maps used:
D:1:      shiori_arrival_maze
D:2:      st_stairs_14, serial_park_tiny_2, dk_noncrumbling_4,
          okawaru_gym_becter
D:3:      nicolae_overflow_hidden_temple, first_bread, uniq_jessica

Action                   |  1- 3 |  4- 6 || total
-------------------------+-------+-------++-------
Melee: Hand axe          |   132 |    34 ||   166
  Use: Scroll            |     3 |       ||     3
       Potion            |     2 |       ||     2
  Eat: Bread ration      |     1 |       ||     1
       Chunk             |     1 |       ||     1
